 Dungeon Crawl Stone Soup version 0.28-a0-1447-ga5a8893891 (webtiles) character file.

Game seed: 4335305517953281116

5382 voltaire321 the Cleaver (level 10, -7/90 HPs)
             Began as a Hill Orc Fighter on Jan 11, 2022.
             Was a Believer of Qazlal.
             Mangled by a molten gargoyle (12 damage)
             ... on level 9 of the Dungeon.
             The game lasted 00:19:32 (9889 turns).

voltaire321 the Cleaver (Hill Orc Fighter)          Turns: 9889, Time: 00:19:33

Health: -7/90      AC: 13    Str: 24    XL:     10   Next: 66%
Magic:  15/15      EV:  8    Int: 12    God:    Qazlal [**....]
Gold:   456        SH: 14    Dex: 16    Spells: 9/9 levels left

rFire   . . .      SeeInvis .   v - +6 war axe "Surelahi" {drain, Int+4}
rCold   . . .      Faith    .   c - +0 buckler
rNeg    . . .      Spirit   .   k - +0 chain mail
rPois   +          Reflect  +   (no helmet)
rElec   .          Harm     .   z - +0 cloak {rPois}
rCorr   .          Rampage  .   (no gloves)
Will    .....                   m - +0 pair of boots
Stlth   ..........              p - amulet of reflection
HPRegen 0.25/turn               i - +6 ring of dexterity
MPRegen 0.14/turn               (no ring)

@: no status effects
A: no striking features
a: Renounce Religion, Upheaval


You were on level 9 of the Dungeon.
You worshipped Qazlal.
Qazlal was pleased with you.
You visited 2 branches of the dungeon, and saw 10 of its levels.

You collected 456 gold pieces.

Inventory:

Hand Weapons
 a - a +1 war axe
 v - the +6 war axe "Surelahi" (weapon) {drain, Int+4}
   (You found it on level 6 of the Dungeon)

   A truly terrible weapon, it drains the life of any living foe it strikes.
   Int:       It affects your intelligence (+4).
Missiles
 e - 4 atropa-tipped darts
 j - 6 boomerangs (quivered)
 n - 46 poisoned darts
 q - 5 javelins
Armour
 c - a +0 buckler (worn)
 k - a +0 chain mail (worn)
 m - a +0 pair of boots (worn)
 z - a +0 cloak of poison resistance (worn)
 C - +0 acid dragon scales
Jewellery
 i - a +6 ring of dexterity (left hand)
 o - a ring of fire
 p - an amulet of reflection (around neck)
Wands
 s - a wand of polymorph (4)
 B - a wand of charming (7)
Scrolls
 b - 3 scrolls of teleportation
 f - 6 scrolls of identify
 h - a scroll of amnesia
 l - 2 scrolls of enchant weapon
 y - a scroll of magic mapping
Potions
 d - a potion of might
 g - 4 potions of flight
 r - 3 potions of curing {unknown}
 t - a potion of brilliance
 u - a potion of degeneration {unknown}
 w - a potion of cancellation {unknown}
 x - a potion of heal wounds {unknown}


   Skills:
 + Level 8.5 Fighting
 + Level 8.8 Axes
 + Level 5.8 Throwing
 + Level 7.8 Armour
 + Level 1.4 Dodging
 + Level 7.6 Shields
 + Level 7.1 Invocations


You had 9 spell levels left.
You didn't know any spells.
Your spell library contained the following spells:

 Spells                   Type           Power      Damage    Failure   Level
 Slow                     Hex            0%         N/A       94%         1
 Sting                    Tmut/Pois      0%         1d3       94%         1
 Corpse Rot               Necr/Air       0%         N/A       98%         2
 Poisonous Vapours        Pois/Air       0%         N/A       98%         2
 Confusing Touch          Hex            0%         N/A       100%        3
 Conjure Flame            Conj/Fire      0%         6-21      100%        3
 Ignite Poison            Fire/Tmut/Pois 0%         N/A       100%        3
 Tukima's Dance           Hex            0%         N/A       100%        3
 Vampiric Draining        Necr           0%         2d6       100%        3
 Flame Wave               Conj/Fire      0%         2d4       100%        4
 Olgreb's Toxic Radiance  Pois           0%         N/A       100%        4
 Passage of Golubria      Tloc           0%         N/A       100%        4
 Sticky Flame             Conj/Fire      0%         2d3       100%        4
 Yara's Violent Unravell  Hex/Tmut       0%         3d3       100%        5
 Chain Lightning          Conj/Air       0%         N/A       100%        9
 Fire Storm               Conj/Fire      0%         5d1       100%        9
 Shatter                  Erth           0%         3d5*      100%        9


Dungeon Overview and Level Annotations

Branches:
Dungeon (9/15)             Temple (1/1) D:4             Orc (0/2) D:9
   Lair: D:8-11

Altars:
Ashenzari
Cheibriados
Elyvilon
Fedhas
Gozag
Hepliaklqana
Kikubaaqudgha
Makhleb
Nemelex Xobeh
Okawaru
Qazlal
Ru
Uskayaw
Vehumet
Wu Jian
Xom
Yredelemnul
Zin
The Shining One

Shops:
D:3 :   D:4 ::   D:5 ?


Message History

You hit the molten gargoyle.
The molten gargoyle is heavily damaged.
You barely miss the molten gargoyle.
The molten gargoyle blasts magma at you!
The bolt of magma misses you. You block the gnoll's attack.
The gnoll sergeant closely misses you. You block the molten gargoyle's attack.
The molten gargoyle hits you with a +0 mace!
You are engulfed in flames!
You slash the molten gargoyle!
The molten gargoyle is severely damaged.
You hit the molten gargoyle. The gnoll closely misses you.
The gnoll sergeant hits you from afar with a +1 vorpal spear.
The molten gargoyle barely misses you. You block the molten gargoyle's attack.
You hit the molten gargoyle but do no damage.
The molten gargoyle is severely damaged.
You slash the molten gargoyle! You block the gnoll's attack. x2
The gnoll sergeant closely misses you.
The molten gargoyle hits you but does no damage.
The molten gargoyle blasts magma at you!
The bolt of magma hits you.
You hear a sizzling sound!
You block the gnoll's attack.
You completely miss the molten gargoyle.
The molten gargoyle is severely damaged.
You closely miss the molten gargoyle. You block the gnoll's attack.
You block the gnoll sergeant's attack.
The molten gargoyle blasts magma at you!
The bolt of magma hits you!!
The bolt of magma hits the gnoll!!
The gnoll dies!
The molten gargoyle blasts magma at you!
The bolt of magma hits you!
* * * LOW HITPOINT WARNING * * *
The gnoll closely misses you.
You slash the molten gargoyle!
The molten gargoyle is almost destroyed.
You slash the molten gargoyle! You block the gnoll sergeant's attack.
The molten gargoyle hits you with a +0 mace!
* * * LOW HITPOINT WARNING * * *
You are engulfed in flames!
You die...

,,,,,,,,,,..,,,*,≈≈≈≈≈§≈,*,,,,,,,
,,,,,*,,,*#.,,,,*,≈§88≈§,,*,,,,,,
,,,,,*,,,**..,,*,.≈≈88§≈,*,,,,,,,
,,,,,,,,,,,,.,,,#.≈≈≈≈≈≈≈,*,,,,,,
*############.,#..≈≈≈§≈≈,*,,,,,,,
,#..........#'#.#...≈,≈,,,*,**,,,
,#............g#.#.#,*,*,*,,**,,,
<#.......?....g)#9#.#.#,*,*,,,,,,
,##....##...##)○@9...#***,+*,,,,,
,*#....#######.......#*,,,,*,,,,,
.##....##...#######+###,,,,*,,,*,
............#.........#,,,,*,,,*,
............'..####...#,,,,*,,,*,
............#..# #...#,,,,*,,,,,
+####..######..# #...#,,,,*,,,,,
,,,,#..#*,,,#..# #...#*****,,,,,
***,#)..,,,,#..####...#,,,,*,**,,


You could see 2 molten gargoyles, a gnoll sergeant and a gnoll.

Vanquished Creatures
  A centaur warrior (D:9)
  A molten gargoyle (D:9)
  Maggie (D:8)
  A hornet (D:9)
  Prince Ribbit (D:5)
  Sigmund (D:2)
  Eustachio (D:6)
  Grum (D:8)
  2 wargs (D:9)
  3 water moccasins
  An orc warrior (D:9)
  4 black bears
  A sky beast (D:8)
  An ogre (D:4)
  2 necrophages
  3 wolves (D:8)
  A centaur (D:8)
  2 kobold brigands
  A bullfrog (D:7)
  A gnoll sergeant (D:8)
  3 scorpions
  6 killer bees (D:8)
  3 wights (D:5)
  2 bullfrog zombies
  2 centaur zombies (D:8)
  Crazy Yiuf (D:7)
  3 orc priests
  A centaur skeleton (D:6)
  2 bullfrog skeletons (D:5)
  3 iguanas
  Natasha (thrice) (D:2)
  5 orc wizards
  A scorpion zombie (D:5)
  A killer bee zombie (D:7)
  A hound zombie (D:5)
  4 gnolls
  4 adders
  2 white imps (D:5)
  An adder skeleton (D:4)
  A worm (D:4)
  5 dart slugs
  21 orcs
  5 endoplasms
  3 giant cockroaches
  5 goblins
  4 hobgoblins
  3 quokkas
  5 ball pythons
  6 bats
  A frilled lizard (D:1)
  16 kobolds
  5 rats
158 creatures vanquished.

Vanquished Creatures (others)
  A sky beast (D:8)
  2 orc wizards
  A gnoll (D:9)
4 creatures vanquished.

Grand Total: 162 creatures vanquished

Notes
Turn   | Place    | Note
-------+----------+-------------------------------------------
     0 | D:1      | voltaire321 the Hill Orc Fighter began the quest for the
                  | Orb.
     0 | D:1      | Reached XP level 1. HP: 19/19 MP: 1/1
   109 | D:1      | Reached XP level 2. HP: 25/27 MP: 2/2
   531 | D:1      | Reached XP level 3. HP: 33/33 MP: 3/3
   786 | D:1      | Found a faded altar of an unknown god.
  1332 | D:2      | Noticed Sigmund
  1336 | D:2      | Noticed Natasha
  1479 | D:2      | Killed Natasha
  1480 | D:2      | Reached skill level 1 in Throwing
  1480 | D:2      | Reached XP level 4. HP: 20/40 MP: 4/4
  1654 | D:2      | Killed Sigmund
  1655 | D:2      | Reached XP level 5. HP: 13/47 MP: 5/5
  1655 | D:2      | Reached XP level 6. HP: 15/53 MP: 6/6
  1822 | D:2      | Noticed Natasha
  1834 | D:2      | Killed Natasha
  2214 | D:2      | Noticed Natasha
  2223 | D:2      | Killed Natasha
  2709 | D:3      | Reached skill level 5 in Fighting
  3042 | D:3      | Found Ymoad's Book Emporium.
  3176 | D:3      | Got the Grimoire of Fire
  3708 | D:4      | Found a staircase to the Ecumenical Temple.
  3730 | Temple   | Entered the Ecumenical Temple
  3806 | Temple   | Became a worshipper of Qazlal Stormbringer
  4116 | D:4      | Found Matottur's Book Emporium.
  4168 | D:4      | Found a white marble altar of Elyvilon.
  4177 | D:4      | Reached XP level 7. HP: 54/61 MP: 7/7
  4215 | D:4      | Found an iron altar of Okawaru.
  4218 | D:4      | Found a broken altar of Ashenzari.
  4218 | D:4      | Found a hazy altar of Hepliaklqana.
  4224 | D:4      | Found a burning altar of Makhleb.
  4236 | D:4      | Found Diklepor's Book Shop.
  4462 | D:5      | Entered Level 5 of the Dungeon
  4670 | D:5      | Found Loets's Magic Scroll Emporium.
  4707 | D:5      | Reached skill level 5 in Axes
  4707 | D:5      | Reached skill level 1 in Invocations
  4908 | D:5      | Reached skill level 5 in Armour
  5122 | D:5      | Reached skill level 5 in Shields
  5617 | D:5      | Reached XP level 8. HP: 70/70 MP: 9/9
  5638 | D:5      | Reached * piety under Qazlal
  5645 | D:5      | Noticed Prince Ribbit
  5664 | D:5      | Killed Prince Ribbit
  6885 | D:6      | Noticed Eustachio
  6921 | D:6      | Killed Eustachio
  6922 | D:6      | Reached XP level 9. HP: 35/78 MP: 12/12
  7443 | D:6      | Identified the +6 war axe "Surelahi" {drain, Int+4}
  7924 | D:7      | Reached skill level 5 in Invocations
  8031 | D:7      | Found a runed translucent door.
  8032 | D:7      | Noticed Crazy Yiuf
  8037 | D:7      | Killed Crazy Yiuf
  8253 | D:8      | Reached ** piety under Qazlal
  8631 | D:8      | Noticed Maggie
  8640 | D:8      | Killed Maggie
  8641 | D:8      | Reached skill level 5 in Throwing
  8641 | D:8      | Reached XP level 10. HP: 67/88 MP: 14/14
  8751 | D:8      | Noticed Grum
  8763 | D:8      | Killed Grum
  9386 | D:9      | Found a staircase to the Orcish Mines.
  9657 | D:9      | Noticed a centaur warrior
  9668 | D:9      | Killed a centaur warrior
  9669 | D:9      | Reached skill level 1 in Dodging
  9875 | D:9      | Noticed a molten gargoyle
  9878 | D:9      | Noticed a molten gargoyle
  9878 | D:9      | Noticed a molten gargoyle
  9881 | D:9      | Killed a molten gargoyle
  9889 | D:9      | Mangled by a molten gargoyle

Illustrated notes

Levels and vault maps discovered:
D:1:      dpeg_arrival_stonehenge_8_columns, layout_basic,
          hellmonk_ecumenical_altar_inner_sanctum
D:2:      layout_loops_ring, uniq_sigmund, uniq_natasha
D:3:      layout_loops_ring, serial_shops, shop
D:4:      layout_cave_pools, nicolae_overflow_hallway_of_the_gods,
          minmay_temple_entry_drinking_statues, serial_shops,
          nicolae_shop_hallway_stairs, nicolae_stop_n_shop_2, corner_web_ring,
          minmay_between
D:5:      layout_basic, serial_shops, nicolae_take_the_stairs,
          uniq_prince_ribbit1
D:6:      layout_rooms, uniq_eustachio
D:7:      layout_basic, uniq_crazy_yiuf_cottage
D:8:      nicolae_BIG_FREAKIN_CUBE, layout_cave_pools, uniq_maggie, uniq_grum
D:9:      layout_stronghold, minmay_orc_entry_guard_dogs, minivault_8
Temple:   nicolae_temple_great_sept

Skill      XL: |  1  2  3  4  5  6  7  8  9 10 |
---------------+-------------------------------+-----
Axes           | 3 4 5 6 8 |  8.8
Fighting       | 4 5 6 7 8 |  8.5
Throwing       | 1 2 3 4 5 |  5.8
Armour         | 4 5 6 7 |  7.8
Shields        | 4 5 6 7 |  7.6
Invocations    | 2 4 6 7 |  7.1
Dodging        | 1 |  1.4

Action                   |  1- 3 |  4- 6 |  7- 9 | 10-12 || total
-------------------------+-------+-------+-------+-------++-------
Melee: War axe           |    79 |   130 |   253 |    54 ||   516
       Unarmed           |       |       |    16 |       ||    16
Throw: Dart              |     3 |     3 |       |       ||     6
       Boomerang         |       |     2 |       |       ||     2
  Use: Scroll            |       |       |    11 |     3 ||    14
Armor: Scale mail        |    34 |       |       |       ||    34
       Chain mail        |     8 |    49 |   137 |    31 ||   225
Dodge: Dodged            |    34 |    40 |   103 |    26 ||   203
Block: Buckler           |    11 |    23 |   167 |    62 ||   263
       Reflection        |       |       |     5 |     1 ||     6
       Other             |       |       |     5 |       ||     5

Table legend: (Time is in decaauts)
 A = Elapsed time spent in this place.
 B = Non-inter-level travel time spent in this place.
 C = Inter-level travel time spent in this place.
 D = Time resting spent in this place.
 E = Time spent auto-exploring this place.
 F = Levels seen in this place.
 G = Mean time per level.
                   A        B        C        D        E       F      G
               +--------+--------+--------+--------+--------+-----+--------+
         Total |  10021 |   9613 |    408 |   1929 |   6016 |  10 | 1002.1 |
       Dungeon |   9934 |   9526 |    408 |   1929 |   5967 |   9 | 1103.8 |
        Temple |     86 |     86 |      0 |      0 |     49 |   1 |   86.0 |
               +--------+--------+--------+--------+--------+-----+--------+

Top non-repeatable levels by time:
     D:5: 1975 daAuts
     D:2: 1447 daAuts
     D:6: 1226 daAuts
     D:3: 1101 daAuts
     D:1: 1050 daAuts
     D:8: 1036 daAuts
     D:4: 871 daAuts
     D:9: 676 daAuts
     D:7: 549 daAuts
  Temple: 86 daAuts
